 Dungeon Crawl Stone Soup version 0.17.1-3-g152610e (webtiles) character file.

51 Kokonut the Skirmisher (level 3, 0/46 HPs)
             Began as a Centaur Berserker on Mar 13, 2016.
             Was a Believer of Trog.
             Slain by a goblin
             ... wielding a +0 mace
              (4 damage)
             ... on level 2 of the Dungeon.
             The game lasted 00:03:04 (1284 turns).

Kokonut the Skirmisher (Centaur Berserker)          Turns: 1284, Time: 00:03:04

Health: 0/46       AC:  4    Str: 24    XL:     3   Next: 58%
Magic:  3/3        EV: 10    Int:  6    God:    Trog [**....]
Gold:   84         SH:  0    Dex:  9    Spells: 0 memorised, 2 levels left

rFire  . . .     SeeInvis .     a - +0 spear
rCold  . . .     Clarity  .     b - +0 animal skin
rNeg   . . .     SustAt   .     (no shield)
rPois  .         Gourm    .     (no helmet)
rElec  .         Spirit   .     (no cloak)
rCorr  .         Warding  .     (no gloves)
rMut   .         Stasis   .     (no barding)
MR     .....                    (no amulet)
Stlth  ..........               (no ring)
                                (no ring)

@: berserking, slowed, very quick, not resistant to hostile enchantments,
extremely unstealthy
A: hooves 3, deformed body, speed 2, tough skin 3
a: Berserk, Trog's Hand, Burn Spellbooks, Renounce Religion


You were on level 2 of the Dungeon.
You worshipped Trog.
Trog was pleased with you.
You were hungry.

You visited 1 branch of the dungeon, and saw 3 of its levels.

You collected 84 gold pieces.

Inventory:

Hand Weapons
 a - a +0 spear (weapon)
Armour
 b - a +0 animal skin (worn)
Jewellery
 i - an uncursed ring of sustain attributes {unknown}
Scrolls
 f - a scroll of blinking {unknown}
 h - 2 scrolls of noise {unknown}
 j - 2 scrolls of amnesia {unknown}
 k - 2 scrolls of teleportation {unknown}
 l - a scroll of recharging {unknown}
 m - a scroll of identify {unknown}
 o - a scroll of enchant weapon {unknown}
 q - a scroll of immolation {unknown}
Potions
 e - 4 potions of lignification {unknown}
 g - a potion of cancellation {unknown}
 p - 2 potions of haste {unknown}
Comestibles
 c - a bread ration
 d - 15 fruits
 n - 2 beef jerkies


   Skills:
 + Level 3.4 Fighting
 + Level 3.1 Polearms
 - Level 1.9 Armour
 - Level 1.8 Dodging


You had 2 spell levels left.
You didn't know any spells.

Dungeon Overview and Level Annotations

Branches:
Dungeon (3/15)

Altars:
Ashenzari

Annotations:
D:2 Natasha


Innate Abilities, Weirdness & Mutations

You have hooves in place of feet.
Armour fits poorly on your strangely shaped body.
You cover ground very quickly.
You have extremely tough skin (AC +3).


Message History

You hit Natasha but do no damage.
Natasha is moderately wounded.
The shadow imp barely misses you.
The goblin hits you with an uncursed mace.
Natasha claws you.
* * * LOW HITPOINT WARNING * * *
The shadow imp hits you.
* * * LOW HITPOINT WARNING * * *
A red film seems to cover your vision as you go berserk!
You feel yourself moving faster!
You feel mighty!
You are feeling hungry.
Natasha misses you. The goblin barely misses you. The shadow imp hits you.
* * * LOW HITPOINT WARNING * * *
Natasha barely misses you.
You puncture Natasha! Your kick misses Natasha.
Natasha is severely wounded.
The shadow imp disappears for a moment.
The shadow imp closely misses you.
The goblin hits you with an uncursed mace.
You die...

# .. # ... #
...########## #
............# #####
#.........(# #....
#..........# #....
#..........########....
#....h@..(.((..........
#.....g5...########[...
#............### #....
..##.###(......#####....
# #.##..PP..P<.........
....P.≈≈≈..)..###...† #
...≈≈≈♣≈♣..P..##....
...♣≈≈≈≈≈≈..♣.......
P..♣≈♣≈≈≈≈P.P#######


You could see Natasha, a shadow imp and a goblin.

Vanquished Creatures
  An adder (D:2)
  An ooze (D:1)
  A worm (D:2)
  A giant gecko (D:1)
  3 bats (D:1)
  3 goblins
  6 hobgoblins
  5 kobolds
  2 ball pythons (D:2)
  A giant cockroach (D:1)
  A giant newt (D:2)
  8 rats
33 creatures vanquished.

Notes
Turn   | Place    | Note
--------------------------------------------------------------
     0 | D:1      | Kokonut the Centaur Berserker began the quest for the Orb.
     0 | D:1      | Reached XP level 1. HP: 19/19 MP: 1/1
    95 | D:1      | Reached XP level 2. HP: 20/26 MP: 2/2
   461 | D:2      | Reached ** piety under Trog
   565 | D:2      | Reached XP level 3. HP: 27/31 MP: 3/3
   782 | D:2      | Found a shattered altar of Ashenzari.
  1275 | D:2      | Noticed Natasha
  1284 | D:2      | Slain by a goblin

Action                   || total
-------------------------++-------
Melee: Spear             ||   125
Invok: Berserk           ||     1
